 Dungeon Crawl Stone Soup version 0.21-a0-496-g696f58f (webtiles) character file.

5819 tof the Cleaver (level 10, -3/90 HPs)
             Began as a Minotaur Berserker on Nov 23, 2017.
             Was an Elder of Trog.
             Killed by divine providence
             ... invoked by an orc priest
              (14 damage)
             ... on level 8 of the Dungeon.
             The game lasted 00:12:15 (7995 turns).

tof the Cleaver (Minotaur Berserker)                Turns: 7995, Time: 00:12:16

Health: -3/90      AC:  9    Str: 28    XL:     10   Next: 51%
Magic:  12/12      EV: 18    Int:  4    God:    Trog [****..]
Gold:   413        SH:  0    Dex: 17    Spells: 9/9 levels left

rFire    + + .     SeeInvis +   d - +0 war axe
rCold    . . .     Gourm    +   (no shield)
rNeg     . . .     Faith    .   x - +0 ring mail of Exclusion {+Blink rF+ Str+4 Stlth+}
rPois    .         Spirit   .   (helmet restricted)
rElec    .         Reflect  .   G - +0 cloak
rCorr    .         Harm     .   (no gloves)
MR       .....                  (no boots)
Stlth    ++........             r - amulet of the gourmand
HPRegen  0.00/turn              h - ring of see invisible
MPRegen  0.13/turn              s - +4 ring of dexterity

@: berserk cooldown
A: retaliatory headbutt, horns 2, repulsion field 1, icy blue scales 1, slimy
green scales 1, deformed body, fire resistance 1, inhibited regeneration, strong
1
a: Berserk, Trog's Hand, Brothers in Arms, Burn Spellbooks, Renounce Religion,
Evoke Blink


You were on level 8 of the Dungeon.
You worshipped Trog.
Trog was greatly pleased with you.
You were very full.

You visited 1 branch of the dungeon, and saw 8 of its levels.
You also visited: Ossuary.

You collected 413 gold pieces.

Inventory:

Hand Weapons
 d - a +0 war axe (weapon)
Missiles
 j - 13 tomahawks (quivered)
 z - 8 curare-tipped needles
 E - 8 javelins of returning
Armour
 x - the +0 ring mail of Exclusion (worn) {+Blink rF+ Str+4 Stlth+}
   (You found it on level 5 of the Dungeon)

   It affects your strength (+4).
   It protects you from fire.
   It lets you blink.
   It makes you more stealthy.
 G - a +0 cloak (worn)
Jewellery
 h - a ring of see invisible (left hand)
 i - an uncursed ring of resist corrosion {unknown}
 r - an amulet of the gourmand (around neck)
 s - a +4 ring of dexterity (right hand)
Wands
 F - a wand of random effects (24)
Scrolls
 e - 2 scrolls of identify
 n - a scroll of fear
 p - 2 scrolls of blinking
 t - 5 scrolls of fog
 w - 2 scrolls of teleportation
 y - 4 scrolls of remove curse
 A - 2 scrolls of enchant weapon {unknown}
 B - 2 scrolls of magic mapping {unknown}
 C - a scroll of immolation {unknown}
Potions
 b - 5 potions of curing
 g - a potion of resistance {unknown}
 q - a potion of ambrosia {unknown}
 u - a potion of magic {unknown}
 v - a potion of lignification {unknown}
 D - 2 potions of agility {unknown}
Comestibles
 a - 2 chunks of flesh
 c - 8 bread rations
 f - 2 meat rations
 m - 6 fruits
 o - 2 royal jellies


   Skills:
 + Level 8.8 Fighting
 * Level 11.7 Axes
 + Level 8.2 Armour
 + Level 7.6 Dodging
 + Level 4.6 Evocations


You had 9 spell levels left.
You didn't know any spells.

Dungeon Overview and Level Annotations

Branches:
Dungeon (8/15)             Temple (0/1) D:5
   Lair: D:8-11

Altars:
Cheibriados
Elyvilon
Gozag
Sif Muna
Trog
Zin
The Shining One

Annotations:
D:4 wall/potions


Innate Abilities, Weirdness & Mutations

You reflexively headbutt those who attack you in melee.
You have a pair of horns on your head.
You are surrounded by a mild repulsion field. (EV +2)
You are partially covered in icy blue scales. (AC +2)
You are partially covered in slimy green scales. (AC +2)
Armour fits poorly on your strangely shaped body.
Your flesh is heat resistant. (rF+)
You do not regenerate when monsters are visible.
Your muscles are strong. (Str +2)


Message History

You headbutt the orc wizard. The death yak completely misses you.
You furiously retaliate!
You headbutt the death yak, but do no damage.
The orc wizard barely misses you. The death yak closely misses you.
You feel better.
The orc priest calls upon Beogh to heal the orc wizard.
The orc wizard is healed somewhat.
The death yak gores you!
* * * LOW HITPOINT WARNING * * *
The orc wizard misses you. You furiously retaliate!
You headbutt the orc wizard!
Your magical effects are unravelling.
You feel magically purged.
You feel yourself speed up. The death yak closely misses you.
The orc wizard completely misses you. The death yak misses you.
You furiously retaliate!
You headbutt the death yak.
The orc wizard mumbles some strange words.
The orc wizard flickers and vanishes for a moment.
The orc priest mumbles some strange prayers to Beogh against you.
Beogh smites you!
You die...

...... ## ..... .#
# .... .#.# ..o
.#$# o.#... .o.#
##Yo# #†o#
#.###@.# #.....#
### ##.#..#######
#.##
#######.#.........
.#.#
#.......#.########
#.# ###.#####
#.#######
#.####......#
#.......#
.#.......##.#
#######.#
#.####.####.# #.#


You could see a death yak, 2 orc priests and an orc wizard (invisible).

Vanquished Creatures
  A two-headed ogre (D:7)
  Erica (D:8)
  2 death yaks (D:8)
  Grinder (D:4)
  Eustachio (D:4)
  A wyvern (D:4)
  A wraith (Ossuary)
  A water moccasin (D:6)
  A porcupine (D:8)
  2 sky beasts (D:6)
  An orc warrior (D:8)
  2 phantoms (D:6)
  4 ogres
  A necrophage (D:6)
  A centaur (D:5)
  A crocodile (D:7)
  2 bullfrogs (D:6)
  4 killer bees (D:7)
  The ghost of lauthentik the Conjurer, a weakling DrCj (D:3)
  A howler monkey (D:6)
  A bullfrog zombie (D:5)
  5 crimson imps
  An orc priest (D:8)
  5 hounds
  3 jellies
  4 orc wizards
  A hell rat (D:8)
  An iguana (D:4)
  6 worker ants
  A big kobold zombie (Ossuary)
  3 mummies (Ossuary)
  2 hound skeletons
  Robin (D:2)
  8 adders
  A shadow imp (D:5)
  2 adder skeletons (D:4)
  A worm (D:6)
  4 dart slugs
  7 leopard geckos
  16 orcs
  3 ball pythons
  3 giant cockroaches
  11 goblins
  8 hobgoblins
  8 jackals
  5 quokkas
  7 bats
  5 frilled lizards
  A giant cockroach zombie (D:5)
  A gnoll zombie (Ossuary)
  2 goblin zombies (Ossuary)
  6 hobgoblin zombies (Ossuary)
  7 kobolds
  2 kobold zombies (Ossuary)
  A leopard gecko skeleton (D:4)
  A leopard gecko zombie (D:5)
  7 rats
181 creatures vanquished.

Vanquished Creatures (others)
  A kobold zombie (Ossuary)
1 creature vanquished.

Grand Total: 182 creatures vanquished

Notes
Turn   | Place    | Note
-------+----------+-------------------------------------------
     0 | D:1      | tof the Minotaur Berserker began the quest for the Orb.
     0 | D:1      | Reached XP level 1. HP: 19/19 MP: 0/0
   193 | D:1      | Reached XP level 2. HP: 27/27 MP: 1/1
   261 | D:1      | Reached skill level 4 in Axes
   870 | D:2      | Noticed Robin
   875 | D:2      | Reached ** piety under Trog
   875 | D:2      | Reached XP level 3. HP: 33/33 MP: 2/2
   876 | D:2      | Killed Robin
  1199 | D:2      | Found a white marble altar of Elyvilon.
  1222 | D:2      | Found an opulent altar of Gozag.
  1394 | D:2      | Reached XP level 4. HP: 37/40 MP: 3/3
  1704 | D:3      | Reached skill level 5 in Axes
  1916 | D:3      | Found a deep blue altar of Sif Muna.
  2151 | D:3      | Noticed lauthentik's ghost (weakling DrCj)
  2158 | D:3      | Killed lauthentik's ghost
  2158 | D:3      | Reached XP level 5. HP: 26/47 MP: 4/4
  2569 | D:4      | Noticed an ogre
  2575 | D:4      | Killed an ogre
  2595 | D:4      | Reached *** piety under Trog
  2602 | D:4      | Reached XP level 6. HP: 40/55 MP: 5/5
  2615 | D:4      | Reached skill level 6 in Axes
  2619 | D:4      | Noticed Grinder
  2621 | D:4      | Killed Grinder
  2621 | D:4      | Reached skill level 5 in Fighting
  2621 | D:4      | Reached XP level 7. HP: 59/61 MP: 6/6
  2697 | D:4      | Noticed Eustachio
  2708 | D:4      | Killed Eustachio
  2708 | D:4      | Reached skill level 7 in Axes
  3034 | D:4      | Noticed a wyvern
  3038 | D:4      | Killed a wyvern
  3038 | D:4      | Reached skill level 5 in Armour
  3804 | D:5      | Entered Level 5 of the Dungeon
  3853 | D:5      | Got a brightly glowing ring mail
  3864 | D:5      | Identified the cursed +0 ring mail of Exclusion {+Blink rF+ Str+4 Stlth+} (You found it on level 5 of the Dungeon)
  3984 | D:5      | Reached skill level 5 in Dodging
  4017 | D:5      | Found a staircase to the Ecumenical Temple.
  4023 | D:5      | Reached XP level 8. HP: 70/70 MP: 7/7
  4040 | D:5      | Gained mutation: You expend magic power (3 MP) to strengthen your wands. [potion of mutation]
  4040 | D:5      | Gained mutation: You are frail. (-10% HP) [potion of mutation]
  4040 | D:5      | Gained mutation: Your spells are a little harder to cast, but a little more powerful. [potion of mutation]
  4144 | D:5      | Reached skill level 8 in Axes
  4431 | D:5      | Reached skill level 1 in Evocations
  4707 | D:6      | You fall through a shaft for 2 floors!
  4776 | D:8      | Found a snail-covered altar of Cheibriados.
  4778 | D:8      | Found a bloodstained altar of Trog.
  4778 | D:8      | Found a glowing silver altar of Zin.
  4945 | D:6      | Reached skill level 9 in Axes
  4969 | D:6      | Found a sand-covered staircase.
  4974 | Ossuary  | Entered an ossuary
  4986 | Ossuary  | Reached **** piety under Trog
  5332 | Ossuary  | Lost mutation: You are frail. (-10% HP) [potion of mutation]
  5332 | Ossuary  | Lost mutation: You expend magic power (3 MP) to strengthen your wands. [potion of mutation]
  5332 | Ossuary  | Gained mutation: Your body sometimes deteriorates upon taking damage. [potion of mutation]
  5332 | Ossuary  | Gained mutation: Your flesh is heat resistant. (rF+) [potion of mutation]
  5333 | Ossuary  | Lost mutation: Your body sometimes deteriorates upon taking damage. [potion of mutation]
  5333 | Ossuary  | Lost mutation: Your spells are a little harder to cast, but a little more powerful. [potion of mutation]
  5333 | Ossuary  | Gained mutation: Your muscles are strong. (Str +2) [potion of mutation]
  5333 | Ossuary  | Gained mutation: You do not regenerate when monsters are visible. [potion of mutation]
  5333 | Ossuary  | Gained mutation: Scrolls take you a little longer to read. [potion of mutation]
  5333 | Ossuary  | Gained mutation: You are partially covered in icy blue scales. (AC +2) [potion of mutation]
  5588 | D:6      | Reached XP level 9. HP: 56/79 MP: 9/9
  5689 | D:6      | Gained mutation: You are surrounded by a mild repulsion field. (EV +2) [mutagenic meat]
  5690 | D:6      | Gained mutation: You are partially covered in slimy green scales. (AC +2) [mutagenic meat]
  5692 | D:6      | Gained mutation: Armour fits poorly on your strangely shaped body. [mutagenic meat]
  5693 | D:6      | Lost mutation: Scrolls take you a little longer to read. [mutagenic meat]
  6464 | D:6      | Found a glowing golden altar of the Shining One.
  6932 | D:7      | Noticed a two-headed ogre
  6934 | D:7      | Reached skill level 10 in Axes
  6941 | D:7      | Killed a two-headed ogre
  7967 | D:8      | Noticed Erica
  7969 | D:8      | Noticed a death yak
  7973 | D:8      | Noticed a death yak
  7974 | D:8      | Reached XP level 10. HP: 88/88 MP: 11/11
  7975 | D:8      | Noticed a death yak
  7976 | D:8      | Killed Erica
  7976 | D:8      | Reached skill level 11 in Axes
  7981 | D:8      | Killed a death yak
  7986 | D:8      | Killed a death yak
  7991 | D:8      | HP: 3/90 [death yak (13)]
  7995 | D:8      | Killed from afar by an orc priest

Vault maps used:
D:1:      dpeg_arrival_short_road
D:2:      elyvilon_altar_4, grunt_gozag_statues, uniq_robin
D:3:      lemuel_round_altar
D:4:      cheibrodos_quashed, first_bread, uniq_eustachio, uniq_grinder
D:5:      minmay_temple_entry_statues_pillars
D:6:      kennysheep_mini, enter_ossuary_5
D:8:      lemuel_coloured_pillars_altar, gammafunk_temple_overflow_forgotten,
          lemuel_doored_altar, dpeg_lair_monsters, uniq_erica
Ossuary:  ossuary_kennysheep_city_of_the_dead

Skill      XL: |  1  2  3  4  5  6  7  8  9 10 |
---------------+-------------------------------+-----
Axes           | 4 5 6 7 9 10 11 | 11.7
Fighting       | 4 5 6 7 8 |  8.8
Armour         | 3 4 5 6 7 8 |  8.2
Dodging        | 3 4 5 7 |  7.6
Evocations     | 2 3 4 |  4.6

Action                   |  1- 3 |  4- 6 |  7- 9 | 10-12 || total
-------------------------+-------+-------+-------+-------++-------
Melee: Hand axe          |    89 |    30 |       |       ||   119
       Headbutt          |    13 |     9 |    43 |     7 ||    72
       War axe           |       |    36 |   230 |    15 ||   281
Throw: Tomahawk          |     1 |       |       |       ||     1
Invok: Berserk           |     1 |     2 |     3 |       ||     6
       Trog's Hand       |       |     1 |     2 |       ||     3
       Burn Spellbooks   |       |       |     1 |       ||     1
  Use: Scroll            |       |     3 |     7 |       ||    10
       Potion            |       |     1 |     5 |     3 ||     9
 Stab: Sleeping          |       |       |     5 |       ||     5
  Eat: Chunk             |     2 |     5 |    34 |       ||    41
Armor: Animal skin       |     4 |       |       |       ||     4
       Ring mail         |    36 |    13 |    56 |       ||   105
Dodge: Dodged            |    47 |    38 |   183 |    21 ||   289

Table legend:
 A = Spawn XP
 B = Non-spawn XP
 C = Spawn XP percentage of total XP
 D = Spawn monster count
 E = Non-spawn monster count
 F = Spawn count percentage of total count
 G = Total turns spent on level
                    A         B        C        D         E        F      G
               +---------+---------+-------+---------+---------+-------+---------
         Total |       0 |    8313 |   0.0 |       0 |     181 |   0.0 |  7995
               +---------+---------+-------+---------+---------+-------+---------
           D:1 |       0 |      28 |   0.0 |       0 |      17 |   0.0 |   854
           D:2 |       0 |      82 |   0.0 |       0 |      31 |   0.0 |   657
           D:3 |       0 |     131 |   0.0 |       0 |      16 |   0.0 |  1058
           D:4 |       0 |    1002 |   0.0 |       0 |      18 |   0.0 |  1235
           D:5 |       0 |     508 |   0.0 |       0 |      19 |   0.0 |   888
           D:6 |       0 |    1268 |   0.0 |       0 |      24 |   0.0 |  1406
           D:7 |       0 |    1751 |   0.0 |       0 |      22 |   0.0 |  1073
           D:8 |       0 |    3267 |   0.0 |       0 |      18 |   0.0 |   249
       Ossuary |       0 |     276 |   0.0 |       0 |      16 |   0.0 |   575
               +---------+---------+-------+---------+---------+-------+---------
